 Dungeon Crawl Stone Soup version 0.24.0 (webtiles) character file.

Game seed: 13493816310361998366, levelgen mode: deterministic

608 Gynju the Magician (level 7, -2/36 HPs)
             Began as a Deep Elf Fire Elementalist on Oct 25, 2019.
             Slain by a wraith (12 damage)
             ... in an ossuary.
             The game lasted 00:11:25 (4349 turns).

Gynju the Magician (Deep Elf Fire Elementalist)     Turns: 4349, Time: 00:11:26

Health: -2/36      AC:  2    Str:  5    XL:     7   Next: 19%
Magic:  14/17      EV: 15    Int: 22    God:
Gold:   112        SH:  0    Dex: 15    Spells: 9/17 levels left

rFire    . . .     SeeInvis .   (no weapon)
rCold    + . .     Gourm    .   (no shield)
rNeg     . . .     Faith    .   a - +0 robe
rPois    .         Spirit   .   (no helmet)
rElec    .         Reflect  .   (no cloak)
rCorr    .         Harm     .   (no gloves)
MR       +....                  (no boots)
Stlth    ++........             (no amulet)
HPRegen  0.12/turn              i - ring of protection from magic
MPRegen  0.15/turn              q - ring of protection from cold (curse)

@: slowed, very slow
A: no striking features
a: no special abilities


You were in an ossuary.
You were not hungry.

You visited 1 branch of the dungeon, and saw 4 of its levels.
You also visited: Ossuary.

You collected 112 gold pieces.

Inventory:

Hand Weapons
 b - a +3 dagger
Missiles
 l - 130 stones (quivered)
 m - 53 arrows
Armour
 a - a +0 robe (worn)
 y - a +0 robe of cold resistance
Jewellery
 e - an uncursed amulet of guardian spirit
 i - a ring of protection from magic (left hand)
 q - a cursed ring of protection from cold (right hand)
Wands
 j - a wand of flame (19)
 u - a wand of digging (14)
 v - a wand of random effects (19)
Scrolls
 d - 5 scrolls of teleportation {unknown}
 g - 5 scrolls of blinking {unknown}
 n - 2 scrolls of amnesia {unknown}
 o - a scroll of remove curse {unknown}
 p - 4 scrolls of identify {unknown}
Potions
 f - 2 potions of brilliance {unknown}
 h - 2 potions of berserk rage {unknown}
 k - 3 potions of mutation {unknown}
 r - 2 potions of agility {unknown}
 s - 2 potions of curing {unknown}
 t - a potion of cancellation {unknown}
 w - a potion of flight {unknown}
 x - a potion of heal wounds {unknown}
Comestibles
 c - 4 rations


   Skills:
 + Level 5.2 Dodging
 - Level 2.4 Stealth
 + Level 5.9 Spellcasting
 + Level 4.2 Conjurations
 + Level 5.3 Fire Magic


You had 9 spell levels left.
You knew the following spells:

 Your Spells              Type           Power        Failure   Level  Hunger
a - Flame Tongue          Conj/Fire      ####.        1%          1    None
b - Conjure Flame         Conj/Fire      ####....     3%          3    #......
c - Sticky Flame          Conj/Fire      ####....     13%         4    ###....

Your spell library contained the following spells:

 Spells                   Type           Power        Failure   Level  Hunger
 Throw Flame              Conj/Fire      ####..       1%          2    None
 Beastly Appendage        Tmut           #.....       10%         1    None
 Inner Flame              Hex/Fire       ###.....     10%         3    #......
 Sticks to Snakes         Tmut           #.......     14%         2    None
 Spider Form              Tmut/Pois      #.........   28%         3    #......
 Fireball                 Conj/Fire      ####......   34%         5    #####..
 Ice Form                 Ice/Tmut       #.......     67%         4    ###....
 Blade Hands              Tmut           #.........   95%         5    #####..


Dungeon Overview and Level Annotations

Branches:
Dungeon (4/15)            Ossuary (1/1)
 Temple: D:4-7

Altars:
Nemelex Xobeh
Trog
Xom

Annotations:
Ossuary exclusion: door


Message History

There is an open door here.
There is a gate leading back out of this place here.
Search for what [Enter for "@", or ? for help]? @ A wraith is nearby!
The wraith barely misses you. The wraith barely misses you.
There is an open door here.
There is an open door here.
Things that are here:
a cursed +0 dagger; a +0 robe of cold resistance
y - a +0 robe of cold resistance The wraith hits you.
The wraith drains your vigour!
You feel yourself slow down. The wraith hits you!
The wraith drains your vigour!
You feel as though you will be slow longer.
The wraith hits you.
* * * LOW HITPOINT WARNING * * *
The wraith misses you. The wraith hits you!
You die...

###.###
#.....#
#.8.8.#
#.....#
#.8.8.#
#.....#
###'###
###.###
#.'@'.#
###W###
#.[.'.#
###.###
#.'.'.#
###.###
#.'.'.#
###.###
#.).'.#


You could see a wraith.

Vanquished Creatures
  An ogre (D:3)
  9 wights
  4 gnolls
  4 adders
  A shadow imp (D:3)
  2 adder zombies (Ossuary)
  A dart slug (D:2)
  A leopard gecko (D:1)
  An orc (D:3)
  2 ball pythons
  2 giant cockroaches
  4 goblins
  5 hobgoblins
  6 jackals
  3 quokkas (D:2)
  7 bats
  3 frilled lizards
  A hobgoblin skeleton (Ossuary)
  2 hobgoblin zombies (Ossuary)
  5 kobolds
  2 orc skeletons (Ossuary)
  An orc zombie (Ossuary)
  A quokka zombie (D:4)
  9 rats
  A rat zombie (D:4)
78 creatures vanquished.

Notes
Turn   | Place    | Note
-------+----------+-------------------------------------------
     0 | D:1      | Gynju the Deep Elf Fire Elementalist began the quest for
                  | the Orb.
     0 | D:1      | Reached XP level 1. HP: 10/10 MP: 6/6
   266 | D:1      | Reached XP level 2. HP: 14/15 MP: 1/8
  1093 | D:2      | Reached XP level 3. HP: 19/19 MP: 0/10
  1282 | D:2      | Learned a level 3 spell: Conjure Flame
  1404 | D:2      | Found a bloodstained altar of Trog.
  1752 | D:1      | Reached XP level 4. HP: 22/24 MP: 8/12
  1758 | D:1      | Learned a level 4 spell: Sticky Flame
  2263 | D:3      | Reached XP level 5. HP: 28/28 MP: 4/13
  2441 | D:3      | Reached skill level 5 in Spellcasting
  2441 | D:3      | Reached XP level 6. HP: 32/32 MP: 1/15
  2872 | D:3      | Found a shimmering altar of Xom.
  3241 | D:3      | Found a sparkling altar of Nemelex Xobeh.
  3701 | D:4      | Found a sand-covered staircase.
  3715 | Ossuary  | Entered an ossuary
  3839 | Ossuary  | Reached skill level 5 in Fire Magic
  3982 | Ossuary  | Reached skill level 5 in Dodging
  3982 | Ossuary  | Reached XP level 7. HP: 32/36 MP: 10/17
  4082 | Ossuary  | Noticed a wraith
  4082 | Ossuary  | Noticed a flying skull
  4088 | Ossuary  | Noticed a flying skull
  4089 | Ossuary  | Noticed a flying skull
  4093 | Ossuary  | Noticed a flying skull
  4123 | Ossuary  | Noticed a wraith
  4271 | Ossuary  | Noticed a wraith
  4349 | Ossuary  | Slain by a wraith

Levels and vault maps discovered:
D:1:      dpeg_arrival_simpleton_a, layout_rooms
D:2:      layout_rooms, bloody_trog
D:3:      layout_basic, overflow_temple_1_default, first_ration,
          nemelex_xobeh_ov_fountains_minmay
D:4:      layout_basic, nicolae_overflow_hidden_temple, enter_ossuary_4
Ossuary:  ossuary_due_cavern
